 Dungeon Crawl Stone Soup version 0.31.0-4-g52a2dc7128 (webtiles) character file.

Game seed: 7322186866954069568

299212 Turgor the Metamorph (level 19, -14/136 HPs)
             Began as a Grey Draconian Shapeshifter on Jan 20, 2024.
             Was the Champion of Ru.
             Demolished by a vault warden
             ... wielding a +0 battleaxe
              (33 damage)
             ... on level 3 of the Vaults on Jan 22, 2024.
             The game lasted 06:02:24 (40509 turns).

Turgor the Metamorph (Grey Draconian Shapeshifter) Turns: 40509, Time: 06:02:24

Health: -14/136    AC: 23    Str: 23    XL:     19   Next: 14%
Magic:  27/27      EV: 12    Int: 18    God:    Ru [******]
Gold:   1865       SH: 16    Dex: 20    Spells: 14/33 levels left

rFire   + +          +
                       - Unarmed
rCold   + + +        l - +2 shield of Resistance {rF++ rC++ Will++}
rNeg    . . .        (body armour unavailable)
rPois   +            h - +1 hat of Hedge Wizardry {Rampage Fly Will- Dex+4}
rElec   .            N - +2 cloak {rPois}
rCorr   +            j - +0 pair of gloves of Kindness {rC+ Str+5}
SInv    .            S - +2 pair of boots
Will    ++...        D - amulet of regeneration Stlth
                     c - ring of Ocwueczuuk {*Slow rF+ rCorr Dex+6 Slay+6}
HPRegen 1.22/turn    y - ring of wizardry
MPRegen 0.20/turn

%: slow self (1%), rampage, wizardry (x1)
@: maw-form, flying, studying 2 skills
A: devouring maw, AC +15, amphibious, unfitting armour, frail 2, low MP 1,
cold-blooded, no stealth, reduced EV 1, inexperienced 1, fire resistance 1
}: 2/15 runes: serpentine, barnacled
a: Begin Untransformation, Renounce Religion, Draw Out Power, Power Leap,
Apocalypse


You were on level 3 of the Vaults.
You worshipped Ru.
Ru was exalted by your worship.
You were a creature with a mouth for a stomach.
You visited 7 branches of the dungeon, and saw 34 of its levels.
You also visited: Bailey and Ice Cave.

You collected 5391 gold pieces.
You spent 3526 gold pieces at shops.

Inventory:

Missiles
 w - 6 curare-tipped darts (quivered)
 E - 4 throwing nets
Armour
 h - the +1 hat of Hedge Wizardry (worn) {Rampage Fly Will- Dex+4}
   (You acquired it on level 2 of the Vaults)

   Dex+4:     It affects your dexterity (+4).
   Will-:     It decreases your willpower.
   Fly:       It grants you flight.
   Rampage:   It bestows one free step when moving towards enemies.
 j - the +0 pair of gloves of Kindness (worn) {rC+ Str+5}
   (You took it off Nikola on level 4 of the Snake Pit)

   Str+5:     It affects your strength (+5).
   rC+:       It protects you from cold.
 l - the +2 shield of Resistance (worn) {rF++ rC++ Will++}
   (You bought it in a shop on level 11 of the Dungeon)

   rF++:      It greatly protects you from fire.
   rC++:      It greatly protects you from cold.
   Will++:    It greatly increases your willpower.
 N - a +2 cloak of poison resistance (worn)
 S - a +2 pair of boots (worn)
Magical Staves
 e - a staff of air
Jewellery
 c - the ring of Ocwueczuuk (left hand) {*Slow rF+ rCorr Dex+6 Slay+6}
   (You acquired it on level 1 of the Orcish Mines)

   [ring of dexterity]

   Dex+6:     It affects your dexterity (+6).
   Slay+6:    It affects your accuracy & damage with ranged weapons and melee
   (+6).
   rF+:       It protects you from fire.
   rCorr:     It protects you from acid and corrosion.
   *Slow:     It may slow you when you take damage.
 q - a +4 ring of protection
 s - a ring of positive energy
 y - a ring of wizardry (right hand)
 D - an amulet of regeneration (around neck)
 R - a ring of see invisible
 X - the amulet of the Ancients {Acrobat Int+4}
   (You took it off a centaur warrior on level 14 of the Dungeon)

   [amulet of the acrobat]

   Acrobat:   It increases your evasion while moving and waiting.
   Int+4:     It affects your intelligence (+4).
Talismans
 H - a blade talisman
 W - a maw talisman (active)
Wands
 a - a wand of flame (31)
 x - a wand of iceblast (6)
 F - a wand of paralysis (18)
 K - a wand of digging (8)
Scrolls
 k - 10 scrolls of amnesia
 n - 3 scrolls of revelation
 p - 20 scrolls of teleportation
 t - 6 scrolls of poison
 I - 3 scrolls of fog
 J - 9 scrolls of enchant armour
 M - 2 scrolls of blinking
 O - a scroll of enchant weapon
 Q - 4 scrolls of butterflies
 V - 4 scrolls of fear
 Y - a scroll of identify
Potions
 d - 4 potions of haste
 f - 8 potions of mutation
 g - 3 potions of attraction
 i - 3 potions of heal wounds
 m - 7 potions of enlightenment
 r - 4 potions of invisibility
 u - 4 potions of brilliance
 v - 3 potions of might
 B - 4 potions of cancellation
 C - 7 potions of curing
 P - 2 potions of berserk rage
 T - 5 potions of resistance
 Z - 4 potions of ambrosia
Miscellaneous
 b - a tin of tremorstones (2/2)
 o - a phial of floods
 G - a sack of spiders (inert)
 L - a phantom mirror (inert)
 U - a lightning rod (4/4)


   Skills:
 - Level 15.0 Fighting
 + Level 8.4 Dodging
 + Level 13.7 Shields
 - Level 15.0 Unarmed Combat
 + Level 7.8 Spellcasting
 + Level 11.4 Conjurations
 * Level 10.3 Necromancy
 - Level 11.0 Ice Magic
 + Level 12.8 Earth Magic
 - Level 10.0 Evocations
 - Level 16.0 Shapeshifting


You had 14 spell levels left.
You knew the following spells:

 Your Spells              Type           Power      Damage    Failure   Level
a - Bombard               Conj/Erth      25%        9d5       6%          6
b - Ozocubu's Armour      Ice            46%        N/A       1%          3
c - Lee's Rapid Deconstr  Erth           26%        3d14*     1%          5
d - Borgnjor's Vile Clut  Necr/Erth      24%        N/A       1%          5

Your spell library contained the following spells:

 Spells                   Type           Power      Damage    Failure   Level
 Foxfire                  Conj/Fire      100%       2x1d9     1%          1
 Shock                    Conj/Air       100%       1d9       1%          1
 Ensorcelled Hibernation  Hex/Ice        52%        N/A       1%          2
 Sublimation of Blood     Necr           44%        N/A       1%          2
 Dazzling Flash           Conj/Hex       54%        N/A       1%          3
 Summon Ice Beast         Ice/Summ       26%        N/A       1%          3
 Animate Dead             Necr           44%        N/A       1%          4
 Curse of Agony           Necr           44%        N/A       2%          5
 Mephitic Cloud           Conj/Alch/Air  20%        N/A       4%          3
 Slow                     Hex            28%        N/A       6%          1
 Iskenderun's Mystic Bla  Conj/Tloc      27%        2d7       6%          4
 Call Imp                 Summ           14%        N/A       10%         2
 Death Channel            Necr           22%        N/A       14%         6
 Metabolic Englaciation   Hex/Ice        13%        N/A       17%         5
 Sigil of Binding         Hex            7%         N/A       19%         3
 Swiftness                Air            7%         N/A       19%         3
 Tukima's Dance           Hex            7%         N/A       19%         3
 Volatile Blastmotes      Fire/Tloc      14%        2d11      19%         3
 Airstrike                Air            3%         2d(1-17)  50%         4
 Dimensional Bullseye     Hex/Tloc       3%         N/A       50%         4
 Manifold Assault         Tloc           7%         N/A       50%         4
 Starburst                Conj/Fire      13%        6d6       63%         6
 Sculpt Simulacrum        Ice/Alch       13%        N/A       65%         6
 Silence                  Hex/Air        3%         N/A       83%         5
 Summon Mana Viper        Hex/Summ       7%         N/A       83%         5
 Dispersal                Tloc           3%         N/A       100%        6
 Plasma Beam              Fire/Air       3%         2x1d13    100%        6
 Monstrous Menagerie      Summ           3%         N/A       100%        7
 Summon Hydra             Summ           3%         N/A       100%        7
 Disjunction              Tloc           3%         N/A       100%        8
 Maxwell's Capacitive Co  Air            3%         ∞         100%        8


Dungeon Overview and Level Annotations

Branches:
Dungeon (15/15)            Temple (1/1) D:4            Lair (5/5) D:8
 Shoals (4/4) Lair:3        Snake (4/4) Lair:3        Slime (0/5) Lair:4
    Orc (2/2) D:12            Elf (0/3) Orc:2        Vaults (3/5) D:13
  Crypt (0/3) Vaults:2     Depths (0/4) D:15         Bailey (visited)
  IceCv (visited)

Altars:
Ashenzari
Cheibriados
Dithmenos
Elyvilon
Fedhas
Gozag
Hepliaklqana
Kikubaaqudgha
Makhleb
Nemelex Xobeh
Okawaru
Qazlal
Ru
Sif Muna
Trog
Uskayaw
Vehumet
Wu Jian
Xom
Yredelemnul
Zin
The Shining One

Shops:
D:8 =   D:11 [   Orc:2 [(?:   Vaults:2 ?(((

Annotations:
D:2 1 runed translucent door, Crazy Yiuf


Innate Abilities, Weirdness & Mutations

You are a creature with a mouth for a stomach.
Your midsection houses a second, enormous mouth.
Your dull iron-grey scales are very hard. (AC +15)
You are amphibious.
You cannot fit into any form of body armour.
You are very frail. (-20% HP)
Your magical capacity is low. (-10% MP)
You are cold-blooded and may be slowed by cold attacks.
You cannot be stealthy.
You have somewhat slow reflexes. (EV -5)
You are somewhat inexperienced. (-1 XL)
Your flesh is heat resistant. (rF+)


Message History

Unknown command.
You barely miss the vault warden. You bite the vault warden.
The vault warden is moderately wounded.
The yaktaur shoots a bolt.
The bolt hits you!
The vault warden hits you but does no damage.
Unknown command.
Unknown command.
You completely miss the vault warden. You tail-slap the vault warden.
You bite the vault warden.
The vault warden is moderately wounded.
You block the yaktaur's attack.
A yaktaur comes into view.
Unknown command.
Unknown command.
The yaktaur shouts!
You pummel the vault warden!!
Your tail-slap misses the vault warden.
You bite the vault warden.
The vault warden is severely wounded.
The yaktaur shoots a bolt.
The bolt barely misses you.
The vault warden hits you with a +0 battleaxe!
Unknown command.
Unknown command.
You hit the vault warden. You tail-slap the vault warden!
You bite the vault warden.
The vault warden is severely wounded.
The yaktaur hits you!
You focus your inner power and slow the yaktaur in retribution!
The yaktaur shoots a bolt.
The bolt hits you!!
* * * LOW HITPOINT WARNING * * *
Unknown command.
You rampage towards the yaktaur!
You barely miss the yaktaur. You tail-slap the yaktaur. You bite the yaktaur!!
The yaktaur is severely wounded.
The yaktaur unwields a +0 arbalest.
The yaktaur hits you but does no damage.
The yaktaur hits you!
* * * LOW HITPOINT WARNING * * *
You focus your inner power and slow the yaktaur in retribution!
The vault warden hits you with a +0 battleaxe!!
You die...

)..#..# #..$..#. ......
'G#+#.#.######+##......
#.o+..#................
+o[#..#...............
'#.' ##..............
...#. #...........#
#.....#.........c# ++#+
.#.....(.)pW#
.#....c..[c.#
#...#####+## #..
#......# . #......#
#...<.)# #......#
#......# #......+


You could see a vault warden (slow) and 3 yaktaurs.

Vanquished Creatures
  Vashnia (Snake:2)
  Nikola (Snake:4)
  A bone dragon (Vaults:2)
  Mlioglotl (Shoals:3)
  A quicksilver dragon (Snake:4)
  Polyphemus (Shoals:2)
  A kraken (Shoals:4)
  A storm dragon (D:15)
  Ilsuiw (Shoals:4)
  3 nagarajas
  2 frost giants (Shoals:3)
  4 vault wardens
  An orc warlord (Orc:1)
  3 formless jellyfish
  5 ironbound preservers
  3 ironbound thunderhulks
  The ghost of Daviar the Severer, a journeyman HOFi of Okawaru (Lair:4)
  A war gargoyle (Vaults:2)
  A dire elephant (Vaults:2)
  8 merfolk javelineers
  2 ettins (D:15)
  A crystal guardian (Vaults:2)
  6 merfolk impalers
  2 fire dragons
  Fannar (D:11)
  An entropy weaver (shapeshifter) (D:9)
  6 yaktaur captains
  2 entropy weavers (Vaults:1)
  5 ironbound frosthearts
  8 hydras
  A quicksilver dragon skeleton (Vaults:1)
  7 ogre magi
  21 centaur warriors
  5 great orbs of eyes
  3 vault guards (D:13)
  6 merfolk avatars
  10 anacondas
  3 ice dragons
  3 alligator snapping turtles
  5 salamander tyrants
  A sphinx zombie (Vaults:1)
  2 catoblepae
  9 two-headed ogres
  5 boulder beetles
  7 merfolk aquamancers (Shoals:4)
  A death knight (D:15)
  3 death yaks
  5 satyrs
  2 tengu warriors
  An occultist (D:15)
  3 orc high priests (Orc:2)
  17 naga sharpshooters
  7 shock serpents
  Nergalle (Lair:1)
  10 naga warriors
  Sonja (Lair:1)
  3 skysharks
  2 fire crabs (D:15)
  A golden dragon zombie (Vaults:1)
  2 salamander mystics
  8 sea snakes
  A flayed ghost (D:15)
  8 mana vipers
  19 deep trolls
  4 arcanists
  A kraken simulacrum (Shoals:3)
  A glowing orange brain (Vaults:3)
  3 lindwurms
  6 naga ritualists
  11 harpies
  15 orc knights
  8 ironbound convokers
  5 orc sorcerers
  3 necromancers
  13 salamanders
  6 deep elf pyromancers
  5 oklob plants
  24 fauns
  14 cyclopes
  30 manticores
  5 meliai
  17 merfolk sirens
  A meliai (shapeshifter) (D:15)
  36 black mambas
  19 ugly things
  7 guardian serpents
  An ice statue (IceCv)
  2 elephants
  2 kobold blastminers (Orc:2)
  Joseph (D:7)
  14 naga magi
  A black mamba (shapeshifter) (D:14)
  12 cane toads
  7 vault sentinels
  6 water nymphs
  2 efreet
  A gargoyle (D:13)
  An unseen horror (D:11)
  2 rime drakes
  13 komodo dragons
  2 freezing wraiths (D:15)
  8 yaktaurs
  2 tengu conjurers
  8 wind drakes
  5 polar bears
  20 merfolk
  A wolf spider simulacrum (D:15)
  6 trolls
  The ghost of diceflayer the Chopper, an amateur DsFi (D:4)
  8 hornets
  A queen bee (Lair:4)
  2 raiju (shapeshifter)
  A tarantella (Vaults:1)
  22 blink frogs
  6 snapping turtles
  4 dream sheep
  2 jumping spiders (Vaults:1)
  32 slime creatures
  5 wyverns
  16 spriggans
  2 dire elephant simulacra (IceCv)
  A wraith (D:14)
  2 shadows
  3 hogs (D:13)
  24 humans
  A water elemental (Shoals:4)
  A vampire (D:13)
  42 yaks
  6 steam dragons
  3 wargs
  4 alligator snapping turtle simulacra (Shoals:3)
  Eustachio (D:5)
  4 death yak simulacra
  7 basilisks
  A golden eye (shapeshifter) (D:15)
  4 redbacks
  6 vampire mosquitoes
  2 harpy simulacra (IceCv)
  Menkaure (D:5)
  An entropy weaver zombie (Vaults:1)
  26 nagas
  An acid dragon (D:13)
  A swamp worm (shapeshifter) (D:15)
  A hydra simulacrum (IceCv)
  A water moccasin (shapeshifter) (D:15)
  22 water moccasins
  46 orc warriors
  A sky beast (D:7)
  A laughing skull (D:15)
  5 black bears
  2 satyr simulacra (Shoals:3)
  9 boggarts
  28 wolves
  8 ogres
  6 centaurs
  3 kobold brigands
  Blork the orc (D:4)
  14 bullfrogs
  5 gnoll sergeants
  2 cane toad simulacra (IceCv)
  3 scorpions
  3 merfolk simulacra (Shoals:3)
  A faun simulacrum (Shoals:3)
  2 two-headed ogre simulacra (IceCv)
  5 wights
  49 killer bees
  2 manticore simulacra (Shoals:3)
  An elephant simulacrum (IceCv)
  A snapping turtle simulacrum (Shoals:3)
  7 howler monkeys
  2 lava snakes (D:10)
  23 orc priests
  10 jellies
  A gnoll bouda (D:6)
  7 hounds
  4 sleepcaps
  2 cyclops simulacra (Shoals:3)
  Terence (D:2)
  11 iguanas
  27 orc wizards
  4 spriggan simulacra (IceCv)
  5 polar bear simulacra (IceCv)
  3 troll simulacra (IceCv)
  A wolf simulacrum (IceCv)
  4 centaur simulacra (Shoals:3)
  19 gnolls
  4 adders
  6 naga simulacra (IceCv)
  12 white imps
  9 ufetubi
  A dart slug (D:5)
  2 ribbon worms
  A ribbon worm (shapeshifter) (D:15)
  101 orcs
  7 ball pythons
  6 endoplasms
  3 giant cockroaches
  6 goblins
  4 hobgoblins
  A quokka (D:3)
  11 bats
  4 frilled lizards
  24 kobolds
  7 rats
  A tentacle (Shoals:3)
1416 creatures vanquished.

Vanquished Creatures (collateral kills)
  Zenata (Vaults:2)
  A kraken (Shoals:2)
  Aizul (Snake:3)
  An anaconda (Snake:1)
  A boulder beetle (D:14)
  A deep troll (Vaults:2)
  2 harpies (Shoals:3)
  A manticore (D:14)
  2 fauns (Shoals:2)
  A merfolk siren (Shoals:2)
  2 moths of wrath (Lair:4)
  A yaktaur (Vaults:2)
  A merfolk (Shoals:2)
  A hornet (Lair:4)
  2 snapping turtles (Shoals:2)
  2 spriggans (Lair:4)
  A naga (Snake:1)
  2 tentacles (Shoals:2)
24 creatures vanquished.

Vanquished Creatures (others)
  A peacekeeper (Vaults:2)
  A merfolk aquamancer (Shoals:4)
  A centaur warrior (Vaults:1)
  2 boulder beetles
  A death yak (Shoals:2)
  2 two-headed ogres
  A naga sharpshooter (Snake:2)
  A salamander mystic (Snake:2)
  An ugly thing (D:13)
  A manticore (D:9)
  A faun (Shoals:4)
  A naga mage (Snake:4)
  2 black mambas
  A meliai (D:14)
  A merfolk siren (Shoals:4)
  A troll (Orc:2)
  A merfolk (Shoals:4)
  A naga (Snake:3)
  2 orc warriors
  2 killer bees
  An orc priest (Orc:1)
  A wolf simulacrum (IceCv)
  4 orcs
  A rat (D:3)
  16 tentacles
48 creatures vanquished.

Grand Total: 1488 creatures vanquished

Notes
Turn   | Place    | Note
-------+----------+-------------------------------------------
     0 | D:1      | Turgor the Draconian Shapeshifter began the quest for the
                  | Orb.
     0 | D:1      | Reached XP level 1. HP: 16/16 MP: 1/1
   264 | D:1      | Reached XP level 2. HP: 23/23 MP: 2/2
   828 | D:2      | Reached XP level 3. HP: 23/28 MP: 3/3
   886 | D:2      | Noticed Terence
   903 | D:2      | Killed Terence
  1269 | D:2      | Found a runed translucent door.
  1270 | D:2      | Noticed Crazy Yiuf
  1565 | D:2      | Reached XP level 4. HP: 35/35 MP: 4/4
  1657 | D:3      | Reached skill level 4 in Shapeshifting
  2218 | D:3      | Reached XP level 5. HP: 40/40 MP: 5/5
  2450 | D:4      | Noticed Blork the orc
  2462 | D:4      | Killed Blork the orc
  2463 | D:4      | Reached skill level 5 in Unarmed Combat
  2638 | D:4      | Reached XP level 6. HP: 43/48 MP: 6/6
  2704 | D:4      | Found a staircase to the Ecumenical Temple.
  2716 | Temple   | Entered the Ecumenical Temple
  2736 | Temple   | Became a worshipper of Ru the Awakened
  2781 | D:4      | Found a runed translucent door.
  2837 | D:4      | Reached skill level 5 in Shapeshifting
  3193 | D:4      | Noticed diceflayer's ghost (amateur DsFi)
  3212 | D:5      | Entered Level 5 of the Dungeon
  3330 | D:5      | Your scales start taking on a dull iron-grey colour.
  3330 | D:5      | Reached XP level 7. HP: 48/56 MP: 7/7
  3432 | D:5      | Noticed Eustachio
  3448 | D:5      | Killed Eustachio
  3465 | D:5      | Noticed Menkaure
  3473 | D:5      | Killed Menkaure
  3706 | D:5      | Reached skill level 6 in Shapeshifting
  3748 | D:5      | Reached XP level 8. HP: 62/63 MP: 8/8
  4192 | D:6      | Found a hazy altar of Hepliaklqana.
  4366 | D:6      | Gained mutation: You are somewhat inexperienced. (-1 XL)
                  | [Ru sacrifice]
  4366 | D:6      | Reached XP level 7. HP: 59/59 MP: 7/7
  4366 | D:6      | Reached * piety under Ru
  4733 | D:6      | Noticed Sigmund
  4734 | D:6      | Sigmund changed into Sigmund the giant cockroach
  4734 | D:6      | Noticed Sigmund
  4737 | D:6      | Killed Sigmund the giant cockroach
  4824 | D:6      | Found a stormy altar of Qazlal.
  4840 | D:6      | Found a shimmering blue altar of Sif Muna.
  4942 | D:7      | Reached skill level 7 in Shapeshifting
  5124 | D:7      | Reached XP level 8. HP: 67/67 MP: 8/8
  5549 | D:7      | Reached skill level 5 in Fighting
  5720 | D:7      | Noticed a two-headed ogre
  5836 | D:7      | Noticed Joseph
  5837 | D:7      | Paralysed by Joseph for 4 turns
  5848 | D:7      | Paralysed by Joseph for 3 turns
  5859 | D:7      | Paralysed by Joseph for 5 turns
  5867 | D:7      | Killed Joseph
  5868 | D:7      | Reached skill level 8 in Shapeshifting
  6464 | D:7      | Gained mutation: You are frail. (-10% HP) [Ru sacrifice]
  6464 | D:7      | Reached ** piety under Ru
  6464 | D:7      | Reached *** piety under Ru
  6496 | D:7      | Killed a two-headed ogre
  6497 | D:7      | Reached XP level 9. HP: 69/69 MP: 9/9
  6594 | D:8      | Found a flagged portal.
  6630 | Bailey   | Entered a bailey
  6720 | Bailey   | Reached skill level 9 in Shapeshifting
  6786 | Bailey   | Noticed an orc knight
  6816 | Bailey   | Killed an orc knight
  6817 | Bailey   | Reached skill level 10 in Unarmed Combat
  7142 | D:8      | Found a staircase to the Lair.
  7142 | D:8      | Noticed a death yak
  7142 | D:8      | Noticed an elephant
  7226 | D:8      | Killed an elephant
  7233 | D:8      | Found Zusilas's Jewellery Boutique.
  7648 | D:8      | Killed a death yak
  7649 | D:8      | Reached skill level 10 in Shapeshifting
  7914 | D:9      | Reached XP level 10. HP: 79/79 MP: 10/10
  7979 | D:9      | Noticed a two-headed ogre
  8017 | D:9      | Killed a two-headed ogre
  8034 | D:9      | Found a radiant altar of Vehumet.
  8295 | D:9      | Gained mutation: You are very frail. (-20% HP) [Ru
                  | sacrifice]
  8295 | D:9      | Reached **** piety under Ru
  8295 | D:9      | Reached ***** piety under Ru
  8382 | D:9      | Gained mutation: You occasionally lose the ability to read
                  | scrolls when taking damage. [potion of mutation]
  8382 | D:9      | Gained mutation: Your health recovers twice as slowly from
                  | being drained. [potion of mutation]
  8382 | D:9      | Gained mutation: Your flesh is heat resistant. (rF+)
                  | [potion of mutation]
  8453 | D:9      | Identified the +3 falchion of Shrieking Terror {drain,
                  | Str+4}
  8840 | D:9      | Lost mutation: Your health recovers twice as slowly from
                  | being drained. [potion of mutation]
  8840 | D:9      | Lost mutation: You occasionally lose the ability to read
                  | scrolls when taking damage. [potion of mutation]
  8840 | D:9      | Gained mutation: Your magical capacity is low. (-10% MP)
                  | [potion of mutation]
  8843 | D:9      | Found a runed translucent door.
  8843 | D:9      | Found a runed translucent door.
  8843 | D:9      | Noticed a centaur warrior
  8843 | D:9      | Noticed a great orb of eyes
  8843 | D:9      | Noticed a deep elf pyromancer
  8843 | D:9      | Noticed a catoblepas
  8844 | D:9      | Found a runed translucent door.
  8845 | D:9      | Noticed a two-headed ogre
  8845 | D:9      | Noticed a centaur warrior
  8868 | D:9      | Killed a centaur warrior
  8873 | D:9      | Reached skill level 11 in Shapeshifting
  8882 | D:9      | Killed a two-headed ogre
  8935 | D:9      | Noticed an entropy weaver
  8953 | D:9      | Killed an entropy weaver
  8976 | D:9      | Identified the amulet of Tuwus {Acrobat Harm}
  8980 | D:9      | Got Sif Muna's Quarto of the Mantle
  8983 | D:9      | Got the Cyclopedia of Gelid Bad Luck
  8991 | D:9      | Learned a level 6 spell: Bombard
  9109 | D:9      | Found a shimmering altar of Xom.
  9113 | D:9      | Acquired 618 gold pieces
  9179 | D:10     | Entered Level 10 of the Dungeon
  9179 | D:10     | Found a snail-covered altar of Cheibriados.
  9193 | D:10     | Found a sparkling altar of Nemelex Xobeh.
  9250 | D:10     | Reached skill level 1 in Earth Magic
  9438 | D:10     | Found an ancient bone altar of Kikubaaqudgha.
  9471 | D:10     | Noticed a two-headed ogre
  9476 | D:10     | Reached skill level 1 in Spellcasting
  9476 | D:10     | Reached skill level 1 in Conjurations
  9480 | D:10     | Killed a two-headed ogre
  9481 | D:10     | Reached XP level 11. HP: 77/77 MP: 11/11
  9486 | D:10     | Paralysed by a centaur for 4 turns
  9647 | D:10     | Found a shadowy altar of Dithmenos.
  9730 | D:10     | Found a burning altar of Makhleb.
 10371 | D:11     | Gained mutation: You cannot be stealthy. [Ru sacrifice]
 10493 | D:11     | Found a shadowy altar of Dithmenos.
 10504 | D:11     | Noticed Fannar
 10518 | D:11     | Killed Fannar
 10796 | D:11     | Found Judogoad's Antique Armour Shoppe.
 11200 | D:12     | Found a staircase to the Orcish Mines.
 11248 | D:12     | Found a frozen archway.
 11259 | IceCv    | Entered an ice cave
 11948 | IceCv    | Reached skill level 12 in Shapeshifting
 11972 | IceCv    | Noticed a reaper
 12611 | D:12     | Reached skill level 10 in Fighting
 12660 | D:12     | a basilisk changed into an entropy weaver
 12660 | D:12     | Noticed an entropy weaver (shapeshifter)
 12664 | D:12     | an entropy weaver changed into a raiju
 12795 | Lair:1   | Entered Level 1 of the Lair of Beasts
 12825 | Lair:1   | Reached skill level 5 in Earth Magic
 13015 | Lair:1   | Noticed Sonja
 13017 | Lair:1   | Killed Sonja
 13123 | Lair:1   | Reached skill level 5 in Conjurations
 13146 | Lair:1   | Reached XP level 12. HP: 84/84 MP: 17/17
 13150 | Lair:1   | Learned a level 3 spell: Ozocubu's Armour
 13198 | Lair:1   | Noticed Nergalle
 13210 | Lair:1   | Killed Nergalle
 13211 | Lair:1   | Reached skill level 1 in Ice Magic
 13384 | Lair:1   | Found a blossoming altar of Fedhas.
 13956 | Lair:2   | Reached skill level 5 in Spellcasting
 14658 | Lair:3   | Found a staircase to the Snake Pit.
 14819 | Lair:3   | Found a staircase to the Shoals.
 15063 | Lair:3   | Reached skill level 5 in Ice Magic
 15276 | Lair:3   | Found a shimmering altar of Xom.
 15976 | Lair:4   | Mutation became permanent: Your magical capacity is low.
                  | (-10% MP) [Ru sacrifice]
 15976 | Lair:4   | Gained mutation: Your magical capacity is low. (-10% MP)
                  | [Ru sacrifice]
 16124 | Lair:4   | Found a transporter.
 16126 | Lair:4   | Found a transporter.
 16160 | Lair:4   | Reached XP level 13. HP: 90/90 MP: 19/19
 16292 | Lair:4   | Found a staircase to the Slime Pits.
 16490 | Lair:4   | Noticed Daviar's ghost (journeyman HOFi)
 16557 | Lair:4   | Identified the +6 ring mail "Houmeg" {Str+4}
 16781 | Lair:4   | Upgraded the game from 0.31.0-2-g5a2aebc5c2 to
                  | 0.31.0-4-g52a2dc7128
 16886 | Lair:5   | Entered Level 5 of the Lair of Beasts
 17569 | Lair:5   | Reached skill level 10 in Earth Magic
 17922 | Lair:5   | Gained mutation: You have somewhat slow reflexes. (EV -5)
                  | [Ru sacrifice]
 17922 | Lair:5   | Reached ****** piety under Ru
 18715 | Orc:1    | Entered Level 1 of the Orcish Mines
 18819 | Orc:2    | Entered Level 2 of the Orcish Mines
 18881 | Orc:2    | Reached skill level 1 in Shields
 18965 | Orc:2    | Found a staircase to the Elven Halls.
 19092 | D:11     | Bought the +2 shield of Resistance {rF++ rC++ Will++} for
                  | 2256 gold pieces
 19092 | D:11     | Found the +2 shield of Resistance {rF++ rC++ Will++}
 19221 | Orc:2    | Reached skill level 1 in Evocations
 19838 | Orc:2    | Found Kemat's Armour Emporium.
 19838 | Orc:2    | Found Butrierch's Antique Weapon Shop.
 19840 | Orc:2    | Found Qoude's Magic Scroll Emporium.
 19840 | Orc:2    | Found Xumeis's Book Shop.
 20196 | Orc:1    | Noticed an orc warlord
 20385 | Orc:1    | Killed an orc warlord
 20432 | Orc:1    | Acquired the ring of Ocwueczuuk {*Slow rF+ rCorr Dex+6
                  | Slay+6}
 20433 | Orc:1    | Acquired 900 gold pieces
 20575 | D:13     | Reached XP level 14. HP: 99/99 MP: 20/20
 20765 | D:13     | Noticed Kirke
 20766 | D:13     | Kirke changed into Kirke the hog
 20766 | D:13     | Noticed Kirke
 20775 | D:13     | Killed Kirke the hog
 20877 | D:13     | Reached skill level 13 in Shapeshifting
 21186 | D:13     | Identified the +6 quarterstaff of Arrival {elec, Dex+2}
 21216 | D:13     | Reached skill level 5 in Shields
 21266 | D:13     | Found a gate to the Vaults.
 21413 | D:14     | Found a shimmering blue altar of Sif Muna.
 21428 | D:14     | Got Sif Muna's Thoughts on Bad Luck
 21589 | D:14     | Identified the amulet of the Ancients {Acrobat Int+4}
 22453 | D:15     | Entered Level 15 of the Dungeon
 22663 | D:15     | Found an iron altar of Okawaru.
 22664 | D:15     | Found a hide-covered altar of Uskayaw.
 22664 | D:15     | Found a glowing silver altar of Zin.
 22955 | D:15     | Found a staircase to the Depths.
 23138 | D:15     | Reached skill level 5 in Evocations
 23164 | D:15     | Reached skill level 14 in Shapeshifting
 23211 | D:15     | Reached XP level 15. HP: 88/105 MP: 21/21
 23538 | D:15     | Noticed a storm dragon
 23564 | D:15     | Killed a storm dragon
 24129 | D:15     | Learned a level 5 spell: Lee's Rapid Deconstruction
 24433 | Snake:1  | Entered Level 1 of the Snake Pit
 25403 | Snake:2  | Noticed Vashnia
 25807 | Snake:2  | Reached skill level 15 in Shapeshifting
 26292 | Snake:2  | Killed Vashnia
 26293 | Snake:2  | Reached skill level 10 in Shields
 26293 | Snake:2  | Reached XP level 16. HP: 42/107 MP: 13/22
 27406 | Snake:3  | Identified the serpent talisman of Omission {rF+ rN+ Dex-2
                  | SInv}
 27406 | Snake:3  | Noticed Aizul
 27434 | Snake:3  | Killed Aizul
 27493 | Snake:3  | Reached skill level 15 in Unarmed Combat
 27750 | Snake:3  | Reached skill level 5 in Dodging
 28346 | Snake:4  | Entered Level 4 of the Snake Pit
 28615 | Snake:4  | Learned a level 5 spell: Borgnjor's Vile Clutch
 29075 | Snake:4  | Identified the +0 pair of gloves of Kindness {rC+ Str+5}
 29075 | Snake:4  | Noticed Nikola
 29093 | Snake:4  | Killed Nikola
 30332 | Snake:4  | Noticed a quicksilver dragon
 30343 | Snake:4  | Killed a quicksilver dragon
 30404 | Snake:4  | Got a serpentine rune of Zot
 30592 | Shoals:1 | Entered Level 1 of the Shoals
 30746 | Shoals:1 | Reached skill level 16 in Shapeshifting
 31537 | Shoals:2 | Reached XP level 17. HP: 120/120 MP: 23/23
 31659 | Shoals:2 | Noticed Polyphemus
 31668 | Shoals:2 | Killed Polyphemus
 31766 | Shoals:2 | Identified the +0 animal skin of Geadep {^Contam *Slow
                  | rElec Dex+9}
 32483 | Shoals:3 | Noticed Donald
 32512 | Shoals:3 | Noticed Mlioglotl
 32615 | Shoals:4 | Entered Level 4 of the Shoals
 32713 | Shoals:3 | Donald changed into Donald the ice dragon
 32713 | Shoals:3 | Noticed Donald
 32721 | Shoals:3 | Killed Donald the ice dragon
 32802 | Shoals:4 | Reached skill level 1 in Necromancy
 32859 | Shoals:4 | Got a barnacled rune of Zot
 33019 | Shoals:4 | HP: 2/123 [merfolk/+0 spear[a merfolk impaler] (8)]
 33233 | Shoals:3 | Found a runed translucent gate.
 33233 | Shoals:3 | Found a runed translucent gate.
 33240 | Shoals:3 | Found a runed translucent gate.
 33345 | Shoals:3 | Reached skill level 10 in Conjurations
 33449 | Shoals:3 | Reached skill level 10 in Ice Magic
 34450 | Shoals:4 | Noticed Ilsuiw
 34470 | Shoals:4 | Killed Ilsuiw
 34471 | Shoals:4 | Reached XP level 18. HP: 48/128 MP: 24/24
 35493 | Shoals:3 | Identified the amulet of the Wizarding Gods {RegenMP rPois
                  | rC+}
 35648 | Shoals:3 | Killed Mlioglotl
 36463 | D:4      | Killed diceflayer's ghost
 36588 | D:9      | Reached skill level 5 in Necromancy
 36764 | Lair:4   | Found a bloodstained altar of Trog.
 36796 | Lair:4   | Killed Daviar's ghost
 37036 | Vaults:1 | Entered Level 1 of the Vaults
 38129 | Vaults:1 | Reached skill level 15 in Fighting
 38349 | Vaults:2 | Found Akhlao Xure's Weapon Shoppe.
 38542 | Vaults:2 | Found Omasuci's Weapon Shoppe.
 38596 | Vaults:2 | Reached skill level 10 in Evocations
 38666 | Vaults:2 | Noticed a bone dragon
 38677 | Vaults:2 | Killed a bone dragon
 38805 | Vaults:2 | Found a staircase to the Crypt.
 38835 | Vaults:2 | Found Iwucehon's Antique Weapon Shop.
 39445 | Vaults:2 | Found Budd's Magic Scroll Emporium.
 39446 | Vaults:2 | Noticed Zenata
 39456 | Vaults:2 | Killed Zenata
 39475 | Vaults:2 | Bought a scroll of butterflies for 80 gold pieces
 39475 | Vaults:2 | Bought a scroll of revelation for 150 gold pieces
 39475 | Vaults:2 | Bought a scroll of acquirement for 1040 gold pieces
 39475 | Vaults:2 | Acquired the +1 hat of Hedge Wizardry {Rampage Fly Will-
                  | Dex+4}
 40113 | Vaults:2 | Reached XP level 19. HP: 119/122 MP: 18/27
 40457 | Vaults:3 | Reached skill level 10 in Necromancy
 40509 | Vaults:3 | Demolished by a vault warden

Illustrated notes

Levels and vault maps discovered:
D:1:      ebering_trefoil_3fold, layout_basic
D:2:      layout_basic, uniq_crazy_yiuf_cottage, uniq_terence
D:3:      layout_basic, lemuel_flame_loot_1
D:4:      layout_loops_ring, minmay_temple_entry_slanted,
          ebering_ghost_reflecting_pool, uniq_blork_the_orc
D:5:      layout_loops_cross, uniq_menkaure, uniq_eustachio
D:6:      layout_rooms, lemuel_doored_altar, mainiacjoe_overflow_swirl,
          uniq_sigmund
D:7:      layout_layer_cave, ebering_dispersal_statue_hall, nzn_random_ring,
          uniq_joseph
D:8:      layout_basic, david_lair_generic, enter_bailey_5, serial_shops,
          nicolae_shop_waterfront, serial_library_hellmonk_angled_corner
D:9:      minmay_the_grid_triangle_9x9_rhombus_thin_mashed
          [minmay_the_grid_triangle_9x9_empty,
          minmay_the_grid_triangle_9x9_prize_insulated,
          minmay_the_grid_triangle_9x9_wacky_v,
          minmay_the_grid_triangle_9x9_fully_insulated_deathbox],
          layout_irregular_city, lemuel_coloured_pillars_altar,
          mainiacjoe_overflow_six_doors_small, kennysheep_minor_cross,
          minmay_mirror_moons_of_madness
D:10:     layout_long_grid, nemelex_xobeh_ov_fountains_minmay,
          mainiacjoe_overflow_catch_the_wave, overflow_temple_1_default,
          lightli_temple_of_fire, minmay_ruffians
D:11:     layout_cave_pods, serial_shops, shop,
          nicolae_dithmenos_through_a_glass_darkly, uniq_fannar
D:12:     kennysheep_spiral_hall, layout_cave_pools,
          portal_ice_cave_entry_pillars_1, corner_web_ring,
          minmay_misc_feat_pillars
D:13:     layout_rooms, grunt_vaults_entry_tiered, uniq_kirke
D:14:     minmay_cut_squares, layout_stronghold, chequers_serial_rivers_small_a,
          led_sif_book
D:15:     hangedman_slaughterboxes
Temple:   minmay_temple_bridge_abc
Lair:1:   layout_roguey, minivault_24, tgw_fedhas, infiniplex_staircase_pool_2,
          serial_bayou_shore_b, lemuel_fruit_fields, uniq_nergalle, uniq_sonja
Lair:2:   layout_loops_ring, chequers_serial_rivers_large_a, grunt_megastairs_5
Lair:3:   layout_chaotic_city, mainiacjoe_shoals_entry_four_pools,
          nicolae_snake_entry_squirm, basic_altar, grunt_forest_stairs_clearing,
          lemuel_fruit_tree, infiniplex_staircase_pool
Lair:4:   hangedman_what_comes_after_a, layout_loops_ring,
          nicolae_slime_entry_field_trip, gammafunk_ghost_wrathful_warriors
Lair:5:   minmay_lair_end_enchanted_forest, layout_regular_city
Shoals:1: cheibrodos_shoals_roost, layout_shoals,
          nicolae_shoals_lost_giant_amphitheater,
          nicolae_shoals_dead_sea_scrolls
Shoals:2: argonaut_golden_fleece, layout_shoals, uniq_polyphemus
Shoals:3: layout_shoals, nicolae_shoals_beach_cooler, uniq_donald,
          uniq_mlioglotl
Shoals:4: shoals_end_simple, layout_shoals, shoals_ilsuiw_alternative
Snake:1:  layout_onion_interference
Snake:2:  layout_grid_maze, nicolae_snake_lava_pool, uniq_vashnia
Snake:3:  layout_onion_interference, nicolae_letterblocks
          [nicolae_letter_subblock, nicolae_letter_subblock,
          nicolae_letter_subblock, nicolae_letter_subblock,
          nicolae_letter_subblock, nicolae_letter_subblock,
          nicolae_letter_subblock, nicolae_letter_subblock,
          nicolae_letter_subblock, nicolae_letter_subblock,
          nicolae_letter_subblock, nicolae_letter_subblock,
          nicolae_letter_subblock, nicolae_letter_subblock,
          nicolae_letter_subblock, nicolae_letter_subblock,
          nicolae_letter_subblock, nicolae_letter_subblock,
          nicolae_letter_subblock, nicolae_letter_subblock,
          nicolae_letter_subblock, nicolae_letter_subblock,
          nicolae_letter_subblock, nicolae_letter_subblock,
          nicolae_letter_subblock], grunt_megastairs_4, uniq_aizul
Snake:4:  hellmonk_snake_rune_quicksilver_temple, layout_chambers, uniq_nikola
Orc:1:    cheibrodos_orc_arena, layout_caves, mines2_david
Orc:2:    grunt_orc_tribal_feast, layout_diamond_mine, basic_altar,
          special_room, david_defended_altar_orc
Vaults:1: hangedman_vaults_pinch, grunt_vaults_swirl, v_rooms_6,
          special_room_vaults [special_room_orc],
          nicolae_vaults_storage_room_doors, nicolae_vaults_sealed_display,
          nicolae_vaults_network_periphery, nicolae_vaults_heart-shaped_vault,
          grunt_vaults_focal, nicolae_vaults_circle_grid_b,
          nicolae_vaults_diamond_2, layout_vaults_maze_snakey
Vaults:2: vaults_mumra_minichess_inversion, nicolae_vaults_hexular_roomagon,
          minmay_crypt_entry_nasty_monster, v_misc_5,
          nicolae_vaults_tetromino_L_1, nicolae_vaults_more_shelving_1,
          nicolae_vaults_network_s, hangedman_vaults_cutoff,
          layout_vaults_chaotic_city, serial_shops, shop, shop,
          nicolae_shop_bloodbath_and_beyond, shop, uniq_zenata
Vaults:3: hangedman_vaults_capsules, nicolae_vaults_trapezoid_3,
          nicolae_vaults_door_testing_chamber, vaults_mumra_minichess,
          nicolae_vaults_closet_pinwheel_4, nicolae_vaults_double_plus_1,
          layout_vaults_quadrants, serial_shops, nicolae_shop_behind_doors

Skill      XL: |  1  2  3  4  5  6  7  8  9 10 11 12 13 14 15 16 17 18 19 |
---------------+----------------------------------------------------------+-----
Unarmed Combat | 4 5 6 9 11 12 13 14 15 | 15.0
Shapeshifting  | 4 5 7 8 10 11 12 14 15 16 | 16.0
Dodging        | 2 4 6 7 8 |  8.4
Fighting       | 2 3 6 7 9 10 11 12 13 14 15 | 15.0
Earth Magic    | 1 6 9 10 11 12 | 12.8
Spellcasting   | 1 4 6 7 |  7.8
Conjurations   | 1 5 8 9 10 11 | 11.4
Ice Magic      | 8 9 10 11 | 11.0
Shields        | 4 7 10 11 12 13 | 13.7
Evocations     | 2 5 6 8 9 10 | 10.0
Necromancy     | 3 9 10 | 10.3

Action                     |  1- 3 |  4- 6 |  7- 9 | 10-12 | 13-15 | 16-18 | 19-21 || total
---------------------------+-------+-------+-------+-------+-------+-------+-------++-------
  Melee: Unarmed           |   109 |   161 |   544 |  1093 |  1664 |  1543 |    74 ||  5188
         Tailslap          |     9 |    24 |    79 |   178 |   326 |   333 |    18 ||   967
         Punch             |     1 |     2 |    12 |    22 |    15 |       |       ||    52
         Maw               |       |       |       |       |   536 |   667 |    38 ||  1241
         Staff             |       |       |       |       |       |    26 |       ||    26
  Throw: Dart              |     3 |     5 |     3 |       |    33 |    15 |     1 ||    60
   Cast: Ozocubu's Armour  |       |       |       |     2 |    11 |    12 |       ||    25
         Bombard           |       |       |       |       |       |    18 |       ||    18
         Borgnjor's Vile C |       |       |       |       |       |    11 |       ||    11
         Lee's Rapid Decon |       |       |       |       |       |     1 |       ||     1
 Invoke: Sacrifice Experie |       |       |     1 |       |       |       |       ||     1
         Sacrifice Health  |       |       |     1 |     1 |     1 |       |       ||     3
         Sacrifice Stealth |       |       |       |     1 |       |       |       ||     1
         Reject Sacrifices |       |       |       |     1 |       |       |       ||     1
         Sacrifice Essence |       |       |       |     1 |       |       |       ||     1
         Apocalypse        |       |       |       |       |     5 |     6 |       ||    11
  Evoke: Wand              |       |       |     8 |     7 |    17 |    52 |       ||    84
         Lightning rod     |       |       |       |     3 |    14 |    14 |       ||    31
         Tin of tremorston |       |       |       |       |     2 |     5 |       ||     7
         Sack of spiders   |       |       |       |       |     2 |     5 |       ||     7
         Phial of floods   |       |       |       |       |     2 |     2 |       ||     4
         Phantom mirror    |       |       |       |       |       |     4 |       ||     4
    Use: Scroll            |     1 |     4 |     5 |    16 |     8 |    11 |       ||    45
         Potion            |       |     1 |     2 |    10 |     9 |    14 |       ||    36
   Stab: Distracted        |       |       |     2 |       |     5 |     6 |       ||    13
         Paralysed         |       |       |    10 |     3 |    15 |    21 |     1 ||    50
         Invisible         |       |       |       |     4 |    11 |    20 |       ||    35
         Petrified         |       |       |       |       |       |     5 |       ||     5
 Armour: Skin              |    59 |    88 |   296 |   604 |  1047 |   987 |    54 ||  3135
  Dodge: Dodged            |    74 |    86 |   389 |   728 |   417 |   279 |    18 ||  1991
  Block: Kite shield       |       |       |       |       |   543 |   754 |    53 ||  1350
         Buckler           |       |       |       |       |     9 |       |       ||     9
   Form: Flux              |       |       |     1 |       |       |       |       ||     1
         Blade             |       |       |       |     1 |       |       |       ||     1
         Maw               |       |       |       |       |     1 |       |       ||     1
